 Dungeon Sprint DCSS version 0.16-a0-3994-gbbee317 (webtiles) character file.

108 BluebellGnoll the Cudgeler (level 4, -10/49 HPs)
             Began as an Ogre Venom Mage on Feb 13, 2015.
             Was an Initiate of Okawaru.
             Splashed by a jelly's acid (12 damage)
             ... in the Dungeon (Sprint IX: "|||||||||||||||||||||||||||||").
             The game lasted 00:02:32 (483 turns).

BluebellGnoll the Cudgeler (Ogre Venom Mage)         Turns: 483, Time: 00:02:32

Health: -10/49     AC: -2    Str: 13    XL:     4   Next: 87%
Magic:  8/8        EV: 14    Int: 15    God:    Okawaru [......]
Gold:   0          SH:  0    Dex: 10    Spells: 3 memorised, 1 level left

rFire  . . .     SeeInvis .     j - +0 whip
rCold  . . .     Clarity  .     a - +0 robe
rNeg   . . .     SustAb   .     (shield restricted)
rPois  .         Gourm    .     (helmet restricted)
rElec  .         Spirit   .     (no cloak)
rCorr  .         Warding  .     (gloves unavailable)
rMut   .         NoTele   +     (boots unavailable)
MR     .....                    (no amulet)
Stlth  +.........               r - +2 ring of evasion
                                q - +2 ring of evasion

@: corroded equipment, not resistant to hostile enchantments, very unstealthy
A: unfitting armour, tough skin 1
a: Renounce Religion


You were in the Dungeon.
You worshipped Okawaru.
Okawaru was noncommittal.
You were not hungry.

You visited 1 branch

Inventory:

Hand weapons
 j - a +0 whip (weapon)
 p - a +2 dire flail of protection
Missiles
 k - 6 stones (quivered)
Armour
 a - a +0 robe (worn)
Magical staves
 o - an uncursed staff of energy
Jewellery
 q - a +2 ring of evasion (left hand)
 r - a +2 ring of evasion (right hand)
Magical devices
 n - a wand of cold (6)
Scrolls
 i - 2 scrolls of blinking
 l - 3 scrolls of remove curse
 m - 2 scrolls of amnesia
Potions
 d - 5 potions of curing
 e - 3 potions of heal wounds
 g - 4 potions of magic
 h - a potion of invisibility
Books
 b - a Young Poisoner's Handbook

   Spells                             Type                      Level
   a - Sting                          Conjuration/Poison           1
   b - Cure Poison                    Poison                       2
   c - Mephitic Cloud                 Conjuration/Poison/Air       3
   d - Olgreb's Toxic Radiance        Poison                       4
   e - Venom Bolt                     Conjuration/Poison           5
Comestibles
 c - a meat ration


   Skills:
 - Level 4.5 Fighting
 - Level 6.8 Maces & Flails
 - Level 1.7 Dodging
 - Level 1.5 Stealth
 - Level 2.4 Spellcasting
 * Level 2.1 Conjurations
 + Level 5.1 Poison Magic


You had one spell level left.
You knew the following spells:

 Your Spells              Type           Power        Failure   Level  Hunger
a - Sting                 Conj/Pois      ##..         6%          1    #......
b - Cure Poison           Pois           ###.......   4%          2    ###....
c - Mephitic Cloud        Conj/Pois/Air  #.......     24%         3    ###....


Dungeon Overview and Level Annotations

Branches:
Dungeon (1/1)

Altars:
Cheibriados
Dithmenos
Elyvilon
Fedhas
Gozag
Kikubaaqudgha
Makhleb
Nemelex Xobeh
Okawaru
Qazlal
Ru
Sif Muna
Trog
Vehumet
Xom
Yredelemnul
Zin
The Shining One
Beogh
Jiyva
Lugonu


Innate Abilities, Weirdness & Mutations

You are too large for most types of armour.
You have tough skin (AC +1).


Message History

Okawaru accepts your kill.
Your Conjurations skill increases to level 2!
Your Poison Magic skill increases to level 5!
This wand has 6 charges left.
The bat closely misses you.
You hit the bat.
The bat is almost dead.
The bat barely misses you.
You hit the bat.
You kill the bat!
Okawaru accepts your kill. The jelly hits you.
You are splashed with acid!
The acid corrodes your equipment!
The acid burns!
* * * LOW HITPOINT WARNING * * *
Items here: ))))) † You hit the jelly but do no damage.
The jelly is almost dead.
The jelly hits you.
* * * LOW HITPOINT WARNING * * *
You are splashed with acid!
The acid burns!
You die...

▓.▓
▓.▓
▓'▓
▓.▓
▓.▓
▓.▓
▓.▓
▓J▓
▓@▓
▓.▓
▓.▓
▓.▓
▓'▓
▓_▓
▓_▓
▓_▓
▓_▓


You could see a jelly.

Vanquished Creatures
  A crimson imp (D)
  A hound (D)
  An orc wizard (D)
  An adder zombie (D)
  5 bats (D)
  4 kobolds (D)
  2 rats (D)
15 creatures vanquished.

Notes
Turn   | Place    | Note
--------------------------------------------------------------
     0 | D        | BluebellGnoll, the Ogre Venom Mage, began the quest for the Orb.
     0 | D        | Reached XP level 1. HP: 16/16 MP: 3/3
    12 | D        | Reached skill level 3 in Fighting
    20 | D        | Reached skill level 4 in Fighting
   142 | D        | Noticed an orc wizard
   144 | D        | Reached skill level 1 in Maces & Flails
   144 | D        | Reached XP level 2. HP: 30/33 MP: 5/5
   160 | D        | Killed an orc wizard
   160 | D        | Reached skill level 6 in Maces & Flails
   160 | D        | Reached XP level 3. HP: 7/40 MP: 2/6
   169 | D        | Found a glowing silver altar of Zin.
   169 | D        | Found a glowing golden altar of the Shining One.
   169 | D        | Found an ancient bone altar of Kikubaaqudgha.
   169 | D        | Found a basalt altar of Yredelemnul.
   169 | D        | Found a shimmering altar of Xom.
   169 | D        | Found a radiant altar of Vehumet.
   169 | D        | Found an iron altar of Okawaru.
   170 | D        | Found a burning altar of Makhleb.
   171 | D        | Found a deep blue altar of Sif Muna.
   172 | D        | Found a bloodstained altar of Trog.
   173 | D        | Found a sparkling altar of Nemelex Xobeh.
   174 | D        | Found a white marble altar of Elyvilon.
   175 | D        | Found a roughly hewn altar of Beogh.
   176 | D        | Found a viscous altar of Jiyva.
   177 | D        | Found a corrupted altar of Lugonu.
   178 | D        | Became a worshipper of Warmaster Okawaru
   179 | D        | Found a blossoming altar of Fedhas.
   180 | D        | Found a snail-covered altar of Cheibriados.
   181 | D        | Found a shadowy altar of Dithmenos.
   182 | D        | Found a stormy altar of Qazlal.
   183 | D        | Found an opulent altar of Gozag.
   184 | D        | Found a sacrificial altar of Ru.
   216 | D        | Learned a level 2 spell: Cure Poison
   220 | D        | Learned a level 3 spell: Mephitic Cloud
   432 | D        | Noticed a jelly
   432 | D        | Noticed a hound
   432 | D        | Noticed a crimson imp
   464 | D        | Killed a hound
   464 | D        | Reached skill level 1 in Conjurations
   464 | D        | Reached XP level 4. HP: 18/49 MP: 8/8
   479 | D        | Killed a crimson imp
   479 | D        | Reached skill level 5 in Poison Magic
   483 | D        | HP: 2/49 [jelly (3)]
   483 | D        | Splashed by a jelly's acid

Action                   |  1- 3 |  4- 6 || total
-------------------------+-------+-------++-------
Melee: Whip              |    54 |     9 ||    63
       Unarmed           |     7 |       ||     7
 Cast: Sting             |     4 |       ||     4
Evoke: Wand              |       |     1 ||     1
  Use: Potion            |     2 |       ||     2
